 Dungeon Crawl Stone Soup version 0.28.0-45-g0d030f2227 (webtiles) character file.

Game seed: 17308590934073998555

1667 Bruhh the Thaumaturge (level 9, -2/60 HPs)
             Began as a Djinni Cinder Acolyte on Apr 24, 2022.
             Was a High Priest of Ignis.
             Shot with an arrow by a centaur (10 damage)
             ... on level 6 of the Dungeon.
             The game lasted 00:12:37 (5973 turns).

Bruhh the Thaumaturge (Djinni Cinder Acolyte)       Turns: 5973, Time: 00:12:38

Health: -2/60      AC:  4    Str: 13    XL:     9   Next: 20%
Gold:   266        EV: 14    Int: 21    God:    Ignis [*****.] SH:  0 Dex:  8

rFire   + + +      SeeInvis +   a - -1 falchion (vorpal)
rCold   x . .      Faith    .   (no shield)
rNeg    . . .      Spirit   .   m - +1 leather armour of Supple Strength {Will+ SInv}
rPois   ∞          Reflect  .   (no helmet)
rElec   .          Harm     .   (no cloak)
rCorr   .          Rampage  .   (no gloves)
Will    +....                   (boots unavailable)
Stlth   +.........              j - amulet of regeneration
HPRegen 1.00/turn               k - +4 ring of evasion
MPRegen 0.00/turn               (no ring)

@: flying
A: sickness immunity, fire resistance 2, cold vulnerability 1, float, innate
caster, HP casting, extra vitality 1
a: Renounce Religion, Fiery Armour, Foxfire Swarm, Rising Flame


You were on level 6 of the Dungeon.
You worshipped Ignis.
Ignis was extremely pleased with you.
You visited 1 branch of the dungeon, and saw 6 of its levels.

You collected 266 gold pieces.

Inventory:

Hand Weapons
 a - a -1 vorpal falchion (weapon)
Missiles
 o - a throwing net
Armour
 b - a +0 robe
 m - the +1 leather armour of Supple Strength (worn) {Will+ SInv}
   (You found it on level 3 of the Dungeon)

   SInv:      It lets you see invisible.
   Will:      It increases your willpower.
Jewellery
 j - an amulet of regeneration (around neck)
 k - a +4 ring of evasion (left hand)
Scrolls
 d - a scroll of enchant armour
 e - a scroll of magic mapping
 g - 3 scrolls of noise
 h - a scroll of fog
 i - a scroll of amnesia
Potions
 c - a potion of lignification {unknown}
 f - 2 potions of curing {unknown}
 l - a potion of heal wounds {unknown}
 n - 2 potions of berserk rage {unknown}
 s - a potion of mutation {unknown}


   Skills:
 - Level 3.0 Fighting
 - Level 2.6 Long Blades
 + Level 9.0 Spellcasting


You had 15 spell levels left.
You knew the following spells:

 Your Spells              Type           Power      Damage    Failure   Level
a - Scorch                Fire           94%        2d10      1%          2
b - Sting                 Tmut/Pois      100%       1d8       1%          1
c - Call Imp              Summ           47%        N/A       1%          2
d - Call Canine Familiar  Summ           47%        N/A       1%          3
e - Stone Arrow           Conj/Erth      94%        3d12      1%          3
Your spell library was empty.

Dungeon Overview and Level Annotations

Branches:
Dungeon (6/15)
 Temple: D:4-7

Altars:
Ashenzari
Uskayaw
Yredelemnul
Zin

Shops:
D:1 =   D:3 *

Annotations:
D:6 3 runed translucent doors, Peloso's ghost, novice MiFi


Innate Abilities, Weirdness & Mutations

You are immune to sickness and miasma.
You are immune to poison.
Your flesh is very heat resistant. (rF++)
You are vulnerable to cold. (rC-)
You float through the air rather than walking.
You learn spells naturally, not from books.
Your magical power is your life essence.
You have superior vitality. (+4 MHP)


Message History

You are too injured to fight recklessly!
You are too injured to fight recklessly!
You are too injured to fight recklessly!
Casting: Stone Arrow (safe; 1% risk of failure)
Confirm with . or Enter, or press ? or * to list all spells.
You don't know that spell.
You are too injured to fight recklessly!
Casting: Stone Arrow (safe; 1% risk of failure)
Confirm with . or Enter, or press ? or * to list all spells.
You don't know that spell.
You are too injured to fight recklessly!
Casting: Stone Arrow (safe; 1% risk of failure)
Confirm with . or Enter, or press ? or * to list all spells.
Aiming: Stone Arrow (safe; 1% risk of failure)
Press: ? - help, Shift-Dir - straight line, f - orc wizard
Aim: an orc wizard, wielding a +0 dagger and wearing a +0 robe (almost dead, slightly transparent, 70% to hit)
The stone arrow misses the orc wizard.
The centaur shoots an arrow.
The arrow closely misses the orc wizard.
The arrow hits you.
The centaur shoots an arrow.
The arrow hits you!
* * * LOW HITPOINT WARNING * * *
The centaur shoots an arrow.
The arrow misses the orc wizard.
The arrow hits you.
* * * LOW HITPOINT WARNING * * *
Casting: Stone Arrow (safe; 1% risk of failure)
Confirm with . or Enter, or press ? or * to list all spells.
Aiming: Stone Arrow (safe; 1% risk of failure)
Press: ? - help, Shift-Dir - straight line, f/p - orc wizard
Aim: an orc wizard, wielding a +0 dagger and wearing a +0 robe (almost dead, slightly transparent, 70% to hit)
The stone arrow misses the orc wizard.
* * * LOW HITPOINT WARNING * * *
A centaur zombie comes into view.
The orc wizard hits you but does no damage.
The centaur shoots an arrow.
The arrow hits the orc wizard.
The orc wizard dies!
Your Spellcasting skill increases to level 9!
There is an open door here.
The centaur shoots an arrow.
The arrow hits you!
* * * LOW HITPOINT WARNING * * *
The centaur shoots an arrow.
The arrow hits you!
You die...

#..# #..# #..# ####
#..# ###..###..#
###.#..c.#.(#
###[#..#.#....#
###.#..#.#'#.#..#
###.#..#.###.#.@..#
#.#..#.###†c.#.#..#
.#..#.###.).###....#
....###..c## #.##.#
#..#.##.Z #....#
.#..#.## #.#..#
#.#..#.## #....#
##.#..#.## #.##.#
.##.#..#.## #....#


You could see a centaur.

Vanquished Creatures
  A black bear (D:5)
  2 sky beasts (D:6)
  An ice beast (D:5)
  An ogre (D:4)
  A centaur (D:6)
  2 phantoms
  A kobold brigand (D:6)
  A water moccasin zombie (D:6)
  3 jellies
  2 bullfrog zombies
  2 hounds (D:6)
  A gnoll shaman (D:4)
  2 orc priests
  4 iguanas
  A scorpion zombie (D:5)
  2 orc wizards (D:6)
  Natasha (thrice) (D:3)
  A killer bee zombie (D:6)
  2 hound skeletons (D:4)
  4 adders
  7 gnolls
  A white imp (D:6)
  An ufetubus (D:4)
  An adder skeleton (D:4)
  5 dart slugs
  14 orcs
  6 ball pythons
  8 endoplasms
  5 giant cockroaches
  7 goblins
  2 hobgoblins
  5 jackals
  3 quokkas
  5 bats
  2 frilled lizards (D:1)
  9 kobolds
  4 rats
122 creatures vanquished.

Vanquished Creatures (collateral kills)
  A gnoll (D:3)
1 creature vanquished.

Vanquished Creatures (others)
  An orc wizard (D:6)
1 creature vanquished.

Grand Total: 124 creatures vanquished

Notes
Turn   | Place    | Note
-------+----------+-------------------------------------------
     0 | D:1      | Bruhh the Djinni Cinder Acolyte began the quest for the
                  | Orb.
     0 | D:1      | Reached XP level 1. HP: 20/20 MP: 0/0
   135 | D:1      | Found Bokisuty's Jewellery Emporium.
   188 | D:1      | HP: 1/20 [frilled lizard (1)]
   553 | D:1      | Reached XP level 2. HP: 16/25 MP: 0/0
   823 | D:1      | Reached skill level 3 in Spellcasting
  1009 | D:1      | Reached XP level 3. HP: 27/30 MP: 0/0
  1009 | D:1      | Learned a level 1 spell: Sting
  1802 | D:2      | Reached XP level 4. HP: 20/35 MP: 0/0
  2627 | D:3      | Noticed Natasha
  2631 | D:3      | Killed Natasha
  2632 | D:3      | Reached skill level 4 in Spellcasting
  2632 | D:3      | Reached XP level 5. HP: 11/40 MP: 0/0
  2632 | D:3      | Learned a level 2 spell: Call Imp
  3061 | D:3      | Found Zin's Purification Station.
  3063 | D:3      | Found a glowing silver altar of Zin.
  3074 | D:3      | Noticed Natasha
  3079 | D:3      | Killed Natasha
  3164 | D:3      | Found a faded altar of an unknown god.
  3301 | D:3      | Noticed a phantom
  3305 | D:3      | Killed a phantom
  3306 | D:3      | Reached XP level 6. HP: 37/46 MP: 0/0
  3426 | D:3      | Reached skill level 5 in Spellcasting
  3431 | D:3      | Identified the +1 leather armour of Supple Strength {Will+
                  | SInv}
  3682 | D:3      | Noticed Natasha
  3687 | D:3      | Killed Natasha
  4393 | D:4      | Found a broken altar of Ashenzari.
  4394 | D:4      | Noticed an ogre
  4403 | D:4      | Killed an ogre
  4404 | D:4      | Reached XP level 7. HP: 46/50 MP: 0/0
  4404 | D:4      | Learned a level 3 spell: Call Canine Familiar
  4543 | D:4      | Reached skill level 6 in Spellcasting
  4736 | D:5      | Entered Level 5 of the Dungeon
  5036 | D:5      | Reached XP level 8. HP: 54/56 MP: 0/0
  5106 | D:5      | Reached skill level 7 in Spellcasting
  5476 | D:5      | Found a hide-covered altar of Uskayaw.
  5731 | D:6      | Reached skill level 8 in Spellcasting
  5794 | D:6      | Found a runed translucent gate.
  5794 | D:6      | Found a runed translucent gate.
  5794 | D:6      | Found a runed translucent gate.
  5794 | D:6      | Noticed Peloso's ghost (novice MiFi)
  5796 | D:6      | Found a basalt altar of Yredelemnul.
  5878 | D:6      | Reached XP level 9. HP: 49/60 MP: 0/0
  5878 | D:6      | Learned a level 3 spell: Stone Arrow
  5968 | D:6      | Reached skill level 9 in Spellcasting
  5973 | D:6      | Shot with an arrow by a centaur

Illustrated notes

Levels and vault maps discovered:
D:1:      noname_arrival_rooms_in_the_neighbourhood, layout_basic, serial_shops,
          nicolae_shop_hallway_stairs
D:2:      layout_loops_ring
D:3:      layout_loops_cross, zin_purify, dreamdust_ecumenical_altar_statues,
          uniq_natasha
D:4:      layout_gridville, mainiacjoe_overflow_alcove_1
D:5:      layout_loops_ring, old_standard_altar
D:6:      minmay_razor_zed, layout_basic, nicolae_yredelemnul_ghost_church,
          serial_shops, shop

Skill      XL: |  1  2  3  4  5  6  7  8  9 |
---------------+----------------------------+-----
Spellcasting   | 3 4 5 6 8 9 |  9.0
Fighting       | |  3.0
Long Blades    | |  2.6

Action                   |  1- 3 |  4- 6 |  7- 9 || total
-------------------------+-------+-------+-------++-------
Melee: Falchion          |    33 |       |     4 ||    37
       Punch             |     2 |       |       ||     2
 Cast: Scorch            |    29 |    58 |   102 ||   189
       Sting             |     2 |       |       ||     2
       Call Imp          |       |     4 |     1 ||     5
       Call Canine Famil |       |       |     3 ||     3
       Stone Arrow       |       |       |    10 ||    10
  Use: Scroll            |       |       |     9 ||     9
       Potion            |       |       |     1 ||     1
Armor: Robe              |     8 |     1 |       ||     9
       Leather armour    |       |       |     3 ||     3
Dodge: Dodged            |    27 |    11 |    40 ||    78
